 Dungeon Crawl Stone Soup version 0.29.0-4-gdea44cf6ec (webtiles) character file.

Game seed: 15848029249700507221

4 qw the Chopper (level 1, 0/12 HPs)
             Began as a Tengu Warper on Aug 29, 2022.
             Succumbed to a goblin's poison
             ... on level 1 of the Dungeon.
             The game lasted 00:00:01 (140 turns).

qw the Chopper (Tengu Warper)                        Turns: 140, Time: 00:00:01

Health: 0/12       AC:  3    Str: 11    XL:     1   Next: 60%
Magic:  4/4        EV: 11    Int: 13    God:
Gold:   20         SH:  0    Dex: 13    Spells: 4/4 levels left

rFire   . . .      SeeInvis .   a - +0 hand axe
rCold   . . .      Faith    .   (no shield)
rNeg    . . .      Spirit   .   b - +0 leather armour
rPois   .          Reflect  .   (helmet restricted)
rElec   .          Harm     .   (no cloak)
rCorr   .          Rampage  .   (no gloves)
Will    .....                   (boots unavailable)
Stlth   +.........              (no amulet)
HPRegen 0.04/turn               (no ring)
MPRegen 0.09/turn               (no ring)

@: lethally poisoned (0 -> -5)
A: beak, talons 3
a: no special abilities


You were on level 1 of the Dungeon.
You visited 1 branch of the dungeon, and saw 1 of its levels.

You collected 20 gold pieces.


Innate Abilities, Weirdness & Mutations

You have a beak for a mouth.
You have claws for feet.


   Skills:
 - Level 2.0 Fighting
 + Level 2.6 Axes
 - Level 1.0 Throwing
 - Level 1.1 Armour
 - Level 2.1 Dodging
 - Level 2.0 Spellcasting
 - Level 2.4 Translocations


You had 4 spell levels left.
You didn't know any spells.
Your spell library contained the following spells:

 Spells                   Type           Power      Damage    Failure   Level
 Blink                    Tloc           14%        N/A       19%         2
 Gell's Gravitas          Tloc           7%         N/A       36%         3
 Lesser Beckoning         Tloc           7%         N/A       36%         3
 Teleport Other           Tloc           7%         N/A       36%         3
 Manifold Assault         Tloc           7%         N/A       98%         5

Inventory:

Hand Weapons
 a - a +0 hand axe (weapon)
Armour
 b - a +0 leather armour (worn)
Scrolls
 c - a scroll of blinking
 d - a scroll of identify {unknown}
 f - a scroll of enchant weapon {unknown}
Potions
 e - a potion of brilliance {unknown}

Dungeon Overview and Level Annotations

Branches:
Dungeon (1/15)

Altars:


Message History

You throw a boomerang of dispersal.
The boomerang of dispersal barely misses the frilled lizard.
You hit the frilled lizard.
You kill the frilled lizard!
You see here a frilled lizard corpse.
e - a metallic inky potion
Found 7 stones.
You now have 20 gold pieces (gained 5).
Found a trident.
f - a scroll labelled NOGROCA LOLLIN
Found 3 poisoned darts.
You see here 3 poisoned darts.
A frilled lizard comes into view.
Throw: boomerang (disperse)
Press: ? - help, Q - select action Shift-Dir - straight line, f - frilled lizard You throw a boomerang of dispersal.
The boomerang of dispersal hits the frilled lizard.
The frilled lizard blinks!
You hear an angry hiss.
d - a scroll labelled EHEFEET FYABB A goblin comes into view.
It is wielding a +2 dagger of venom.
The goblin shouts!
Enter note: You closely miss the goblin.
The goblin closely misses you.
You hit the goblin. Your kick misses the goblin.
The goblin is severely wounded.
The goblin hits you with a +2 dagger of venom.
You are lethally poisoned!
You closely miss the goblin.
The goblin is severely wounded.
You feel very sick.
The goblin hits you with a +2 dagger of venom.
You barely miss the goblin. Your kick misses the goblin. You peck the goblin.
You kill the goblin!
You feel sick.
There is a lethal amount of poison in your body!
You feel sick.
There is a lethal amount of poison in your body!
You die...

.# #.........~......
..##...}.........}.
..+......}.
.##....... .####....
## ...###### ##.
####........ ...
#......# #.. #@##...#
#.. #..).##...######
##..
#.#####........###.).
.. #...####...#...
#.. #...# ###..... #.
#...# ###.#. # #...#
..... ....# .....#.
#..... ##....##


There were no monsters in sight!

Vanquished Creatures
  A giant cockroach (D:1)
  A goblin (D:1)
  A bat (D:1)
  A frilled lizard (D:1)
4 creatures vanquished.

Notes
Turn   | Place    | Note
-------+----------+-------------------------------------------
     0 | D:1      | qw the Tengu Warper began the quest for the Orb.
     0 | D:1      | Reached XP level 1. HP: 12/12 MP: 4/4
     0 | D:1      | 0 ||| qw: Version: 0.1-a-89-g26bdef1
     0 | D:1      | 0 ||| qw: Game counter: 3430
     0 | D:1      | 0 ||| qw: Always use a shield: true
     0 | D:1      | 0 ||| qw: God list: Okawaru
     0 | D:1      | 0 ||| qw: Allow faded altars: false
     0 | D:1      | 0 ||| qw: Do Orc after D:15 true
     0 | D:1      | 0 ||| qw: Do second Lair branch before Depths: true
     0 | D:1      | 0 ||| qw: Lair rune preference: random
     0 | D:1      | 0 ||| qw: Plans: Normal
     0 | D:1      | 0 ||| PLANNING D:1-11
   138 | D:1      | HP: 2/12 [poisoned by a goblin]
   140 | D:1      | Succumbed to a goblin's poison

Levels and vault maps discovered:
D:1:      dpeg_arrival_stone_temple_mockup, layout_rooms,
          dreamdust_ecumenical_altar_drowned_temple

Action                   || total
-------------------------++-------
Melee: Hand axe          ||    12
       Peck              ||     2
Throw: Boomerang         ||     7
Armor: Leather armour    ||     7
Dodge: Dodged            ||     9

Table legend:
 A = Non-vault XP
 B = Vault XP
 C = Vault XP percentage of total XP
 D = Non-vault monster count
 E = Vault monster count
 F = Vault count percentage of total count
                 A         B        C        D         E       F
            +---------+---------+-------+---------+---------+-------
      Total |       6 |       0 |   0.0 |       4 |       0 |   0.0
            +---------+---------+-------+---------+---------+-------
        D:1 |       6 |       0 |   0.0 |       4 |       0 |   0.0
            +---------+---------+-------+---------+---------+-------
